ORI
UNIVERSITY OF ALABAMA CRIMSON TIDE @ MISSISSIPPI STATE UNIVERSITY BULLDOGS
09/23/2047
 
TOP OF THE 1ST
University of Alabama Crimson Tide batting - Pitching for Mississippi State University Bulldogs : RHP Fernando Montoya
Pitching: RHP Fernando Montoya
Batting: LHB Yu-shu Ni 0-0: Ball
1-0: Ball
2-0: Ball
3-0: Swinging Strike
3-1: Called Strike
3-2: Strikes out swinging
Batting: LHB Matt Barkley 0-0: Called Strike
0-1: Ball
1-1: Swinging Strike
1-2: Ball
2-2: Foul Ball, location: 2F
2-2: DOUBLE (Flyball, 89D, EV 98.1 MPH)
Batting: RHB Juan Araiza 0-0: Swinging Strike
0-1: Foul Ball, location: 2F
0-2: Ball
1-2: Strikes out swinging
Batting: LHB Danny Schultz 0-0: Ball
1-0: Foul Ball, location: 2F
1-1: Called Strike
1-2: Ball
2-2: Foul Ball, location: 2F
2-2: DOUBLE (Popup, 3D, EV 61.9 MPH)
Matt Barkley scores
Batting: RHB Hughie Withers 0-0: Ball
1-0: Fly out, F9 (Flyball, 89M, EV 98.1 MPH)
Top of the 1st over - 1 run, 2 hits, 0 errors, 1 left on base; University of Alabama 1 - Mississippi State University 0
BOTTOM OF THE 1ST
Mississippi State University Bulldogs batting - Pitching for University of Alabama Crimson Tide : RHP Andrew Maldonado
Pitching: RHP Andrew Maldonado
Batting: RHB Eric Riley 0-0: Called Strike
0-1: Ball
1-1: Ground out 6-3 (Groundball, 6, EV 86.2 MPH)
Batting: LHB Ricardo Ramos 0-0: Called Strike
0-1: Foul Ball, location: 2F
0-2: Ball
1-2: Ball
2-2: Fly out, F9 (Line Drive, 9S, EV 93.8 MPH)
Batting: RHB Josh Stene 0-0: Ground out 4-3 (Groundball, 4MS, EV 88.8 MPH)
Bottom of the 1st over - 0 runs, 0 hits, 0 errors, 0 left on base; University of Alabama 1 - Mississippi State University 0
TOP OF THE 2ND
University of Alabama Crimson Tide batting - Pitching for Mississippi State University Bulldogs : RHP Fernando Montoya
Batting: LHB Platon Protopsaltis 0-0: Called Strike
0-1: Ball
1-1: Ground out 5-3 (Groundball, 6S, EV 70.0 MPH)
Batting: LHB Dallas Shaw 0-0: Called Strike
0-1: Ball
1-1: Called Strike
1-2: Ball
2-2: Strikes out swinging
Batting: RHB Eric Kilmer 0-0: Ball
1-0: Ball
2-0: Swinging Strike
2-1: Ball
3-1: Swinging Strike
3-2: Strikes out swinging passed ball, reaches first!
Batting: LHB Joe Blackwood 0-0: Foul Ball, location: 2F
0-1: Called Strike
0-2: Ground out 6-3 (Groundball, 6M, EV 79.4 MPH)
Top of the 2nd over - 0 runs, 0 hits, 0 errors, 1 left on base; University of Alabama 1 - Mississippi State University 0
BOTTOM OF THE 2ND
Mississippi State University Bulldogs batting - Pitching for University of Alabama Crimson Tide : RHP Andrew Maldonado
Batting: RHB Alvin Abarca 0-0: Foul Ball, location: 2F
0-1: Foul Ball, location: 2F
0-2: Ball
1-2: Ground out 4-3 (Groundball, 4, EV 96.2 MPH)
Batting: LHB Danny Shanahan 0-0: Ball
1-0: Foul Ball, location: 2F
1-1: Ground out 6-3 (Groundball, 6, EV 78.8 MPH)
Batting: RHB Masahito Sunada 0-0: Foul Ball, location: 2F
0-1: Swinging Strike
0-2: Fly out, F8 (Flyball, 8RD, EV 94.4 MPH)
Bottom of the 2nd over - 0 runs, 0 hits, 0 errors, 0 left on base; University of Alabama 1 - Mississippi State University 0
TOP OF THE 3RD
University of Alabama Crimson Tide batting - Pitching for Mississippi State University Bulldogs : RHP Fernando Montoya
Batting: LHB Yu-shu Ni 0-0: Ball
1-0: Swinging Strike
1-1: Called Strike
1-2: Ball
2-2: Foul Ball, location: 2F
2-2: Ball
3-2: Foul Ball, location: 2F
3-2: Strikes out swinging
Batting: LHB Matt Barkley 0-0: Swinging Strike
0-1: Swinging Strike
0-2: Strikes out looking
Batting: RHB Juan Araiza 0-0: SINGLE (Line Drive, 4D, EV 96.2 MPH)
Batting: LHB Danny Schultz 0-0: Fly out, F5 (Popup, 5S, EV 86.9 MPH)
Top of the 3rd over - 0 runs, 1 hit, 0 errors, 1 left on base; University of Alabama 1 - Mississippi State University 0
BOTTOM OF THE 3RD
Mississippi State University Bulldogs batting - Pitching for University of Alabama Crimson Tide : RHP Andrew Maldonado
Batting: RHB Logan Strassburg 0-0: Swinging Strike
0-1: Called Strike
0-2: Ground out 6-3 (Groundball, 6M, EV 78.8 MPH)
Batting: RHB Karl Lukasiewicz 0-0: Swinging Strike
0-1: Foul Ball, location: 2F
0-2: Foul Ball, location: 2F
0-2: Strikes out swinging
Batting: LHB Vinnie Kalman 0-0: Foul Ball, location: 2F
0-1: Swinging Strike
0-2: Foul Ball, location: 2F
0-2: Ball
1-2: Strikes out looking
Bottom of the 3rd over - 0 runs, 0 hits, 0 errors, 0 left on base; University of Alabama 1 - Mississippi State University 0
TOP OF THE 4TH
University of Alabama Crimson Tide batting - Pitching for Mississippi State University Bulldogs : RHP Fernando Montoya
Batting: RHB Hughie Withers 0-0: Ball
1-0: Ground out 5-3 (Groundball, 56S, EV 71.9 MPH)
Batting: LHB Platon Protopsaltis 0-0: Swinging Strike
0-1: Ball
1-1: Ball
2-1: Ground out 4-3 (Groundball, 4, EV 88.1 MPH)
Batting: LHB Dallas Shaw 0-0: Foul Ball, location: 2F
0-1: Foul Ball, location: 2F
0-2: Strikes out looking
Top of the 4th over - 0 runs, 0 hits, 0 errors, 0 left on base; University of Alabama 1 - Mississippi State University 0
BOTTOM OF THE 4TH
Mississippi State University Bulldogs batting - Pitching for University of Alabama Crimson Tide : RHP Andrew Maldonado
Batting: RHB Eric Riley 0-0: Called Strike
0-1: Ball
1-1: Fly out, F8 (Flyball, 8RM, EV 84.4 MPH)
Batting: LHB Ricardo Ramos 0-0: Ball
1-0: Called Strike
1-1: Foul Ball, location: 2F
1-2: Foul Ball, location: 2F
1-2: Fly out, F8 (Flyball, 8RD, EV 99.4 MPH)
Batting: RHB Josh Stene 0-0: Ball
1-0: SINGLE (Groundball, 6MD, EV 98.8 MPH)
Batting: RHB Alvin Abarca 0-0: Ball
1-0: Ball
2-0: SINGLE (Line Drive, 6D, EV 98.1 MPH)
Josh Stene to second
Batting: LHB Danny Shanahan 0-0: Called Strike
0-1: Ball
1-1: Called Strike
1-2: Ball
2-2: Foul Ball, location: 2F
2-2: Strikes out swinging
Bottom of the 4th over - 0 runs, 2 hits, 0 errors, 2 left on base; University of Alabama 1 - Mississippi State University 0
TOP OF THE 5TH
University of Alabama Crimson Tide batting - Pitching for Mississippi State University Bulldogs : RHP Fernando Montoya
Batting: RHB Eric Kilmer 0-0: Called Strike
0-1: Ball
1-1: Called Strike
1-2: Foul Ball, location: 2F
1-2: SINGLE (Groundball, 4D, EV 96.9 MPH)
Batting: LHB Joe Blackwood 0-0: Called Strike
0-1: Called Strike
0-2: Foul Ball, location: 2F
0-2: Ball
1-2: Strikes out swinging
Batting: LHB Yu-shu Ni 0-0: Called Strike
0-1: Swinging Strike
0-2: Ball
1-2: Ball
2-2: Foul Ball, location: 2F
2-2: Strikes out looking
Pitching: RHP Alex Palacios
Batting: LHB Matt Barkley 0-0: Called Strike
0-1: Ground out 4-3 (Groundball, 4S, EV 85.6 MPH)
Top of the 5th over - 0 runs, 1 hit, 0 errors, 1 left on base; University of Alabama 1 - Mississippi State University 0
BOTTOM OF THE 5TH
Mississippi State University Bulldogs batting - Pitching for University of Alabama Crimson Tide : RHP Andrew Maldonado
Batting: RHB Masahito Sunada 0-0: Swinging Strike
0-1: Ground out 6-3 (Groundball, 6, EV 78.1 MPH)
Batting: RHB Logan Strassburg 0-0: Called Strike
0-1: Swinging Strike
0-2: Foul Ball, location: 2F
0-2: Ball
1-2: Strikes out swinging
Batting: RHB Karl Lukasiewicz 0-0: Foul Ball, location: 2F
0-1: Ball
1-1: Foul Ball, location: 2F
1-2: SINGLE (Groundball, 34D, EV 95.0 MPH)
Batting: LHB Vinnie Kalman 0-0: Ball
1-0: Foul Ball, location: 2F
1-1: Called Strike
1-2: Foul Ball, location: 2F
1-2: Ball
2-2: Ball
3-2: Fly out, F8 (Flyball, 78M, EV 88.1 MPH)
Bottom of the 5th over - 0 runs, 1 hit, 0 errors, 1 left on base; University of Alabama 1 - Mississippi State University 0
TOP OF THE 6TH
University of Alabama Crimson Tide batting - Pitching for Mississippi State University Bulldogs : RHP Alex Palacios
Batting: RHB Juan Araiza 0-0: Swinging Strike
0-1: Ball
1-1: Ground out U3 (Groundball, 3, EV 87.5 MPH)
Batting: LHB Danny Schultz 0-0: Called Strike
0-1: Foul Ball, location: 2F
0-2: Foul Ball, location: 2F
0-2: Ball
1-2: Ball
2-2: Strikes out swinging
Batting: RHB Hughie Withers 0-0: Swinging Strike
0-1: Foul Ball, location: 2F
0-2: Ball
1-2: Ball
2-2: Strikes out swinging
Top of the 6th over - 0 runs, 0 hits, 0 errors, 0 left on base; University of Alabama 1 - Mississippi State University 0
BOTTOM OF THE 6TH
Mississippi State University Bulldogs batting - Pitching for University of Alabama Crimson Tide : RHP Andrew Maldonado
Batting: RHB Eric Riley 0-0: Called Strike
0-1: Ground out U3 (Groundball, 13, EV 82.5 MPH)
Batting: LHB Ricardo Ramos 0-0: Foul Ball, location: 2F
0-1: Ball
1-1: Swinging Strike
1-2: Ball
2-2: Strikes out swinging
Batting: RHB Josh Stene 0-0: Called Strike
0-1: Ball
1-1: Ball
2-1: Fly out, F8 (Line Drive, 8LM, EV 91.9 MPH)
Bottom of the 6th over - 0 runs, 0 hits, 0 errors, 0 left on base; University of Alabama 1 - Mississippi State University 0
TOP OF THE 7TH
University of Alabama Crimson Tide batting - Pitching for Mississippi State University Bulldogs : RHP Alex Palacios
Pitching: LHP Tony Herrera
Batting: LHB Platon Protopsaltis 0-0: Called Strike
0-1: Ball
1-1: Reached on error, E6 (Groundball, 6, EV 85.6 MPH)
Batting: LHB Dallas Shaw 0-0: Ball
1-0: Bunt missed!
1-1: Sac Bunt to 2L - play at first, batter OUT! 2-3
Platon Protopsaltis to second
Batting: RHB Eric Kilmer 0-0: Called Strike
Platon Protopsaltis is caught stealing 3rd base 2-5
0-1: Foul Ball, location: 2F
0-2: Strikes out swinging
Top of the 7th over - 0 runs, 0 hits, 1 error, 0 left on base; University of Alabama 1 - Mississippi State University 0
BOTTOM OF THE 7TH
Mississippi State University Bulldogs batting - Pitching for University of Alabama Crimson Tide : RHP Andrew Maldonado
Pitching: RHP Victor Carillo
Batting: RHB Alvin Abarca 0-0: Ball
1-0: Ground out 4-3 (Groundball, 4S, EV 83.1 MPH)
Batting: LHB Danny Shanahan 0-0: Ball
1-0: SINGLE (Groundball, 4MD, EV 98.1 MPH)
Batting: RHB Masahito Sunada 0-0: Ball
1-0: Ball
2-0: Foul Ball, location: 2F
2-1: Fielders Choice at 2nd, 6-4 (Groundball, 6, EV 85.6 MPH)
Batting: RHB Logan Strassburg 0-0: Called Strike
0-1: Ball
1-1: Called Strike
1-2: Fly out, F7 (Flyball, 78D, EV 92.5 MPH)
Bottom of the 7th over - 0 runs, 1 hit, 0 errors, 1 left on base; University of Alabama 1 - Mississippi State University 0
TOP OF THE 8TH
University of Alabama Crimson Tide batting - Pitching for Mississippi State University Bulldogs : LHP Tony Herrera
Batting: LHB Joe Blackwood 0-0: Swinging Strike
0-1: Foul Ball, location: 2F
0-2: Foul Ball, location: 2F
0-2: Ball
1-2: Foul Ball, location: 2F
1-2: Ball
2-2: Strikes out swinging
Batting: LHB Yu-shu Ni 0-0: Swinging Strike
0-1: Ball
1-1: Ball
2-1: Ball
3-1: Foul Ball, location: 2F
3-2: Reached on error, E6 (Groundball, 6, EV 104.4 MPH)
Batting: LHB Matt Barkley 0-0: Ball
1-0: Fly out, F9 (Flyball, 9LS, EV 80.0 MPH)
Batting: RHB Juan Araiza 0-0: Ball
1-0: Ball
2-0: Foul Ball, location: 2F
2-1: Foul Ball, location: 2F
2-2: Strikes out swinging
Top of the 8th over - 0 runs, 0 hits, 1 error, 1 left on base; University of Alabama 1 - Mississippi State University 0
BOTTOM OF THE 8TH
Mississippi State University Bulldogs batting - Pitching for University of Alabama Crimson Tide : RHP Victor Carillo
Batting: RHB Karl Lukasiewicz 0-0: Reached on error, E7 (Flyball, 78M, EV 88.8 MPH)
Batting: LHB Vinnie Kalman 0-0: Ball
1-0: Bunted foul
1-1: Bunt missed!
1-2: Fielders Choice at 2nd, 2-6 (Groundball, 2R, EV 75.6 MPH)
Batting: RHB Eric Riley 0-0: Ball
1-0: Called Strike
1-1: Foul Ball, location: 2F
1-2: Reached on error, E5 (Groundball, 5, EV 78.1 MPH)
Vinnie Kalman to second
Batting: LHB Ricardo Ramos 0-0: Called Strike
0-1: Ball
1-1: Ball
2-1: Foul Ball, location: 2F
2-2: Fielders Choice at 2nd, 3-6 (Groundball, 34, EV 99.4 MPH)
Vinnie Kalman to third
Batting: RHB Josh Stene 0-0: Ball
1-0: Fly out, F8 (Flyball, 8LD, EV 98.1 MPH)
Bottom of the 8th over - 0 runs, 0 hits, 2 errors, 2 left on base; University of Alabama 1 - Mississippi State University 0
TOP OF THE 9TH
University of Alabama Crimson Tide batting - Pitching for Mississippi State University Bulldogs : LHP Tony Herrera
Pitching: RHP Randy Richardson
Batting: LHB Danny Schultz 0-0: Foul Ball, location: 2F
0-1: Called Strike
0-2: Ball
1-2: Strikes out swinging
Batting: RHB Hughie Withers 0-0: Ball
1-0: Ball
2-0: Ball
3-0: Called Strike
3-1: Ground out 6-3 (Groundball, 6, EV 78.1 MPH)
Batting: LHB Platon Protopsaltis 0-0: Foul Ball, location: 2F
0-1: Swinging Strike
0-2: Foul Ball, location: 2F
0-2: Ball
1-2: Ball
2-2: Strikes out looking
Top of the 9th over - 0 runs, 0 hits, 0 errors, 0 left on base; University of Alabama 1 - Mississippi State University 0
BOTTOM OF THE 9TH
Mississippi State University Bulldogs batting - Pitching for University of Alabama Crimson Tide : RHP Victor Carillo
Pitching: RHP Dwayne Boivin
Batting: RHB Alvin Abarca 0-0: Called Strike
0-1: Ball
1-1: Ball
2-1: Ball
3-1: Ground out U3 (Groundball, 3, EV 90.6 MPH)
Batting: LHB Danny Shanahan 0-0: Ball
1-0: Swinging Strike
1-1: Ball
2-1: Called Strike
2-2: Strikes out swinging
Batting: RHB Masahito Sunada 0-0: Ball
1-0: Ball
2-0: Called Strike
2-1: Ball
3-1: Base on Balls
Batting: RHB Logan Strassburg 0-0: Called Strike
0-1: Ball
1-1: Ball
2-1: Ground out 4-3 (Groundball, 4S, EV 81.9 MPH)
Bottom of the 9th over - 0 runs, 0 hits, 0 errors, 1 left on base; University of Alabama 1 - Mississippi State University 0
Thursday, December 15th , 2022 - OOTP Baseball 23.9 Build 102